 Dungeon Crawl Stone Soup version 0.29.1-14-g9c671dbff4 (webtiles) character file.

Game seed: 16794408891638069186

56 EndlessMike the Chiller (level 3, 0/20 HPs)
             Began as a Vampire Ice Elementalist on Feb 19, 2023.
             Slain by Grinder (2 damage)
             ... on level 3 of the Dungeon.
             The game lasted 00:06:12 (1777 turns).

EndlessMike the Chiller (Vampire Ice Elementalist)  Turns: 1777, Time: 00:06:13

Health: 0/20       AC:  7    Str:  9    XL:     3   Next: 71%
Magic:  6/6        EV: 13    Int: 17    God:
Gold:   72         SH:  5    Dex: 20    Spells: 2/6 levels left

rFire   . . .      SeeInvis +   d - +0 whip (elec)
rCold   + + .      Faith    .   (no shield)
rNeg    + + +      Spirit   .   a - +0 robe
rPois   ∞          Reflect  +   (no helmet)
rElec   .          Harm     .   (no cloak)
rCorr   .          Rampage  .   (no gloves)
Will    .....                   l - +0 pair of boots
Stlth   +++++.....              r - amulet of reflection
HPRegen 0.00/turn               h - +4 ring of protection
MPRegen 0.10/turn               m - +6 ring of dexterity

@: bloodless, inhibited regen
A: bloodless, fangs 3, see invisible, vampiric 2
a: Bat Form, Revivify


You were on level 3 of the Dungeon.
You visited 1 branch of the dungeon, and saw 3 of its levels.

You collected 72 gold pieces.

Inventory:

Hand Weapons
 d - a +0 whip of electrocution (weapon)
Armour
 a - a +0 robe (worn)
 l - a +0 pair of boots (worn)
Jewellery
 h - a +4 ring of protection (left hand)
 m - a +6 ring of dexterity (right hand)
 r - an amulet of reflection (around neck)
Scrolls
 c - a scroll of poison {unknown}
 e - a scroll of fog {unknown}
 i - a scroll of immolation {unknown}
 j - a scroll of noise {unknown}
 n - a scroll of vulnerability {unknown}
 s - 2 scrolls of enchant weapon {unknown}
Potions
 b - 2 potions of magic
 f - a potion of brilliance {unknown}
 g - a potion of degeneration {unknown}
 k - a potion of flight {unknown}
 o - a potion of cancellation {unknown}
 p - a potion of invisibility {unknown}
 q - a potion of curing


   Skills:
 + Level 0.4 Fighting
 - Level 2.1 Dodging
 - Level 3.0 Stealth
 + Level 2.1 Spellcasting
 + Level 5.2 Ice Magic
 + Level 0.3 Air Magic


You had 2 spell levels left.
You knew the following spells:

 Your Spells              Type           Power      Damage    Failure   Level
a - Swiftness             Air            2%         N/A       45%         3
z - Freeze                Ice            76%        1d9       2%          1

Your spell library contained the following spells:

 Spells                   Type           Power      Damage    Failure   Level
 Shock                    Conj/Air       8%         1d3       19%         1
 Frozen Ramparts          Ice            38%        1d6       7%          3
 Ozocubu's Armour         Ice            19%        N/A       7%          3
 Hailstorm                Conj/Ice       10%        3d5       54%         4
 Airstrike                Air            1%         2d(1-17)  86%         4


Dungeon Overview and Level Annotations

Branches:
Dungeon (3/15)

Altars:

Annotations:
D:3 Grinder


Innate Abilities, Weirdness & Mutations

You do not regenerate when monsters are visible.
You are frail without blood (-20% HP).
You can heal yourself when you bite living creatures.
You are immune to poison.
You have razor-sharp teeth.
You have supernaturally acute eyesight. (SInv)
You are afflicted with vampirism and can become a bat while bloodless.


Message History

Grinder barely misses you. The adder bites you but does no damage.
You hit the adder but do no damage.
The adder is moderately wounded.
The adder bites you but does no damage. You block Grinder's attack.
The adder bites you but does no damage.
You hit the adder. Lightning courses through the adder!
You kill the adder!
Grinder hits you.
You hit Grinder.
Grinder is moderately wounded.
Grinder blinks!
Grinder says, "FISH!"
You climb upwards.
There is a stone staircase leading down here.
You start resting.
HP restored.
You climb downwards.
Level annotation: Grinder
There is a stone staircase leading up here.
Grinder blinks!
You hit Grinder.
Grinder is lightly wounded.
You block Grinder's attack.
You closely miss Grinder.
Grinder is lightly wounded.
Grinder completely misses you.
You hit Grinder but do no damage. You bite Grinder, but do no damage.
Grinder is lightly wounded.
Grinder hits you.
You hit Grinder but do no damage. You bite Grinder.
Grinder is lightly wounded.
Grinder hits you.
You barely miss Grinder.
Grinder is lightly wounded.
You block Grinder's attack.
Grinder says, "You look like you could use a good racking."
Grinder hits you!
* * * LOW HITPOINT WARNING * * *
Grinder attacks as you move away! Grinder hits you.
You die...

......# #..$..#
#.....# #.....#
#.....#
#.....######..
#......†.....#
#####....†<######
......5@##.#
........##.#
........+.).......
........##.#######
........##..
........##.#
........##.#
........+... #.#


You could see Grinder.

Vanquished Creatures
  2 adders
  An orc (D:3)
  3 ball pythons
  2 endoplasms (D:2)
  A giant cockroach (D:3)
  2 goblins (D:1)
  4 hobgoblins (D:2)
  5 jackals
  A quokka (D:3)
  6 bats
  3 frilled lizards
  4 kobolds
  2 rats
36 creatures vanquished.

Notes
Turn   | Place    | Note
-------+----------+-------------------------------------------
     0 | D:1      | EndlessMike the Vampire Ice Elementalist began the quest
                  | for the Orb.
     0 | D:1      | Reached XP level 1. HP: 13/13 MP: 3/3
    41 | D:1      | Found a faded altar of an unknown god.
   444 | D:1      | Reached XP level 2. HP: 19/19 MP: 1/5
  1260 | D:2      | Reached skill level 5 in Ice Magic
  1260 | D:2      | Gained mutation: You are afflicted with vampirism and can
                  | become a bat while bloodless. [Vampire growth]
  1260 | D:2      | Reached XP level 3. HP: 20/24 MP: 2/6
  1600 | D:2      | Learned a level 3 spell: Swiftness
  1609 | D:3      | Noticed Grinder
  1610 | D:3      | Paralysed by Grinder for 2 turns
  1648 | D:3      | Paralysed by Grinder for 4 turns
  1657 | D:3      | Paralysed by Grinder for 4 turns
  1777 | D:3      | Slain by Grinder

Illustrated notes

Levels and vault maps discovered:
D:1:      noname_arrival_rooms_in_the_neighbourhood, layout_basic,
          hellmonk_ecumenical_altar_crossroads, minmay_door_square,
          minmay_misc_feat_nine_boxes
D:2:      layout_basic, serial_glass, glass_columns_c, glass_columns_a,
          glass_columns_b, glass_columns_c, glass_columns_a, glass_columns_b,
          glass_columns_b, glass_columns_b
D:3:      layout_basic, mainiacjoe_overflow_six_doors_small, serial_shops,
          nicolae_shop_overgrown_old_shop, kennysheep_generic_room_7,
          uniq_grinder

Skill      XL: |  1  2 |
---------------+-------+-----
Ice Magic      | 5 |  5.2
Fighting       | |  0.4
Dodging        | |  2.1
Stealth        | |  3.0
Spellcasting   | |  2.1
Air Magic      | |  0.3

Action                   || total
-------------------------++-------
Melee: Whip              ||    60
       Bite              ||     6
       Punch             ||     2
       Unarmed           ||     1
 Cast: Freeze            ||    33
 Abil: Exsanguinate      ||     1
 Stab: Sleeping          ||     2
Armor: Robe              ||    30
Dodge: Dodged            ||    61
Block: Other             ||     9
